 Dungeon Sprint DCSS version 0.16-a0-3325-g64f94fb (webtiles) character file.

1374 BluebellGnoll the Warrior (level 8, -2/107 HPs)
             Began as an Ogre Wanderer on Dec 27, 2014.
             Was a Priest of Okawaru.
             Slain by an iguana (8 damage)
             ... in the Dungeon (Sprint IX: "|||||||||||||||||||||||||||||").
             The game lasted 00:03:11 (486 turns).

BluebellGnoll the Warrior (Ogre Wanderer)            Turns: 486, Time: 00:03:11

Health: -2/107     AC:  8    Str: 16    XL:     8   Next: 66%
Magic:  11/11      EV: 15    Int: 17    God:    Okawaru [***...]
Gold:   0          SH:  0    Dex: 10    Spells: 1 memorised, 7 levels left

rFire  . . .     SeeInvis .     o - +2 morningstar (protect)
rCold  . . .     Clarity  .     d - +0 robe
rNeg   . . .     SustAb   .     (shield restricted)
rPois  .         Gourm    .     (helmet restricted)
rElec  .         Spirit   .     (no cloak)
rCorr  .         Warding  .     (gloves unavailable)
rMut   .         NoTele   +     (boots unavailable)
MR     .....                    (no amulet)
Stlth  +.........               q - +3 ring of dexterity
                                p - +2 ring of evasion

@: repel missiles, drained, not resistant to hostile enchantments, very
unstealthy
A: unfitting armour, tough skin 1
a: Heroism, Renounce Religion


You were in the Dungeon.
You worshipped Okawaru.
Okawaru was most pleased with you.
You were not hungry.

You visited 1 branch

Inventory:

Hand weapons
 o - a +2 morningstar of protection (weapon)
Armour
 d - a +0 robe (worn)
Magical staves
 n - an uncursed staff of energy
Jewellery
 p - a +2 ring of evasion (left hand)
 q - a +3 ring of dexterity (right hand)
Magical devices
 m - a wand of draining (4)
Scrolls
 j - 3 scrolls of remove curse
 k - 2 scrolls of blinking
 l - 2 scrolls of amnesia
Potions
 e - 5 potions of curing
 g - 3 potions of heal wounds
 h - a potion of invisibility
 i - 4 potions of magic
Books
 a - a book of Minor Magic

   Spells                             Type                      Level
   a - Magic Dart                     Conjuration                  1
   b - Blink                          Translocation                2
   c - Call Imp                       Summoning                    2
   d - Repel Missiles                 Charms/Air                   2
   e - Slow                           Hexes                        2
   f - Conjure Flame                  Conjuration/Fire             3
   g - Mephitic Cloud                 Conjuration/Poison/Air       3
Comestibles
 b - 12 chunks of flesh
 f - a meat ration


   Skills:
 + Level 15.4(15.0) Fighting
 - Level 11.4(11.0) Maces & Flails
 - Level 1.1(0.8) Throwing
 - Level 1.5(1.3) Armour
 * Level 10.0(9.7) Dodging
 - Level 1.0(0.7) Stealth
 - Level 1.2(0.9) Spellcasting
   Level 1.0(0.7) Hexes
   Level 1.0(0.7) Earth Magic


You had 7 spell levels left.
You knew the following spells:

 Your Spells              Type           Power        Failure   Level  Hunger
r - Repel Missiles        Chrm/Air       #.....       34%         2    ###....


Dungeon Overview and Level Annotations

Branches:
Dungeon (1/1)

Altars:
Cheibriados
Dithmenos
Elyvilon
Fedhas
Gozag
Kikubaaqudgha
Makhleb
Nemelex Xobeh
Okawaru
Qazlal
Ru
Sif Muna
Trog
Vehumet
Xom
Yredelemnul
Zin
The Shining One
Beogh
Jiyva
Lugonu


Innate Abilities, Weirdness & Mutations

You are too large for most types of armour.
You have tough skin (AC +1).


Message History

You puncture the wight!
The wight is severely damaged.
You hit the wight but do no damage.
The wight is severely damaged.
The wight hits you with an enchanted mace.
* * * LOW HITPOINT WARNING * * *
You hit the wight.
The wight is almost destroyed.
The wight hits you with an enchanted mace!
* * * LOW HITPOINT WARNING * * *
You feel drained.
You hit the wight.
You destroy the wight!
Okawaru accepts your kill.
Your Dodging skill increases to level 10!
You hit the iguana but do no damage. The iguana bites you!
* * * LOW HITPOINT WARNING * * *
There is a blossoming altar of Fedhas here.
The iguana bites you!
You die... ▓▓▓▓▓▓▓▓▓▓▓▓▓▓▓▓▓▓▓▓▓▓▓▓▓▓▓▓▓▓▓▓▓ %.[[[)...YoZ_l_l@______________'. ▓▓▓▓▓▓▓▓▓▓▓▓▓▓▓▓▓▓▓▓▓▓▓▓▓▓▓▓▓▓▓▓▓

You could see a catoblepas, 2 iguanas, an orc and a ball python zombie.

Vanquished Creatures
  2 hill giants (D)
  A yak (D)
  2 ogres (D)
  A big kobold (D)
  A wight (D)
  An iguana (D)
  A giant gecko (D)
  An orc (D)
  2 giant cockroaches (D)
  A goblin (D)
  2 hobgoblins (D)
  A kobold (D)
  A bat (D)
17 creatures vanquished.

Notes
Turn   | Place    | Note
--------------------------------------------------------------
     0 | D        | BluebellGnoll, the Ogre Wanderer, began the quest for the Orb.
     0 | D        | BluebellGnoll set off with: a book of Minor Magic, a +0 mace, a +0 robe, a potion of curing, a meat ration, a potion of heal wounds, a potion of haste, 2 potions of magic, a potion of berserk rage, a scroll of blinking
     0 | D        | Reached XP level 1. HP: 22/22 MP: 2/2
    17 | D        | Reached skill level 3 in Maces & Flails
    19 | D        | Reached skill level 4 in Maces & Flails
    25 | D        | Reached skill level 5 in Maces & Flails
    25 | D        | Reached XP level 2. HP: 14/29 MP: 3/3
   185 | D        | Noticed an ogre
   201 | D        | Reached skill level 6 in Maces & Flails
   207 | D        | Killed an ogre
   207 | D        | Reached skill level 11 in Maces & Flails
   207 | D        | Reached XP level 3. HP: 25/36 MP: 4/4
   207 | D        | Reached XP level 4. HP: 30/44 MP: 6/6
   218 | D        | Found a glowing silver altar of Zin.
   218 | D        | Found a glowing golden altar of the Shining One.
   218 | D        | Found an ancient bone altar of Kikubaaqudgha.
   218 | D        | Found a basalt altar of Yredelemnul.
   218 | D        | Found a shimmering altar of Xom.
   218 | D        | Found a radiant altar of Vehumet.
   218 | D        | Found an iron altar of Okawaru.
   219 | D        | Found a burning altar of Makhleb.
   220 | D        | Found a deep blue altar of Sif Muna.
   221 | D        | Found a bloodstained altar of Trog.
   222 | D        | Found a sparkling altar of Nemelex Xobeh.
   223 | D        | Found a white marble altar of Elyvilon.
   224 | D        | Found a roughly hewn altar of Beogh.
   225 | D        | Found a viscous altar of Jiyva.
   226 | D        | Found a corrupted altar of Lugonu.
   227 | D        | Became a worshipper of Warmaster Okawaru
   228 | D        | Found a blossoming altar of Fedhas.
   229 | D        | Found a snail-covered altar of Cheibriados.
   230 | D        | Found a shadowy altar of Dithmenos.
   231 | D        | Found a stormy altar of Qazlal.
   232 | D        | Found an opulent altar of Gozag.
   233 | D        | Found a sacrificial altar of Ru.
   378 | D        | Learned a level 2 spell: Repel Missiles
   421 | D        | Noticed a big kobold
   421 | D        | Noticed an iguana
   421 | D        | Noticed a hill giant
   421 | D        | Noticed an ogre
   421 | D        | Noticed a yak
   421 | D        | Noticed a hill giant
   424 | D        | Killed a yak
   424 | D        | Acquired Okawaru's first power
   424 | D        | Reached XP level 5. HP: 39/66 MP: 4/7
   424 | D        | Reached XP level 6. HP: 43/74 MP: 4/8
   424 | D        | Killed an ogre
   424 | D        | Reached skill level 10 in Fighting
   424 | D        | Reached skill level 5 in Dodging
   424 | D        | Killed a hill giant
   424 | D        | Reached skill level 13 in Fighting
   424 | D        | Reached XP level 7. HP: 47/93 MP: 4/9
   427 | D        | Killed a hill giant
   427 | D        | Reached skill level 15 in Fighting
   427 | D        | Reached XP level 8. HP: 30/107 MP: 4/11
   431 | D        | Killed an iguana
   434 | D        | Killed a big kobold
   451 | D        | Noticed a catoblepas
   451 | D        | Noticed an iguana
   451 | D        | Noticed an iguana
   451 | D        | Noticed a wight
   483 | D        | Killed a wight
   483 | D        | Reached skill level 10 in Dodging
   484 | D        | HP: 5/107 [iguana (11)]
   486 | D        | Slain by an iguana

Action                   |  1- 3 |  4- 6 |  7- 9 || total
-------------------------+-------+-------+-------++-------
Melee: Mace              |    39 |       |       ||    39
       Morningstar       |       |       |    22 ||    22
 Cast: Repel Missiles    |       |     1 |       ||     1
Evoke: Wand              |       |     2 |     1 ||     3
  Use: Potion            |     2 |       |       ||     2
